 Dungeon Crawl Stone Soup version 0.32-a0-933-ga8fa3634e4 (webtiles) character file.

Game seed: 16604362634427824312

49 freelancePsychic the Charlatan (level 3, -1/28 HPs)
             Began as a Demonspawn Wanderer on Apr 14, 2024.
             Slain by a goblin
             ... wielding a +0 dagger
             ... led by Robin
              (5 damage)
             ... on level 2 of the Dungeon.
             The game lasted 00:03:14 (1386 turns).

freelancePsychic the Charlatan (DsWn)               Turns: 1386, Time: 00:03:14

Health: -1/28      AC:  4    Str: 13    XL:     3   Next: 53%
Magic:  4/4        EV: 10    Int: 12    God:
Gold:   15         SH:  0    Dex: 13    Spells: 4/4 levels left

rFire   + . .        b - +0 short sword
rCold   + . .        (no shield)
rNeg    . . .        e - +0 leather armour
rPois   +            h - +0 helmet
rElec   +            (no cloak)
rCorr   +            (no gloves)
SInv    .            (no boots)
Will    .....        (no amulet)
Stlth   +            (no ring)
HPRegen 0.24/turn    (no ring)
MPRegen 0.09/turn

%: no passive effects
@: mighty, resistant
A: ignite blood 1
a: no special abilities


You were on level 2 of the Dungeon.
You visited 1 branch of the dungeon, and saw 2 of its levels.

You collected 15 gold pieces.

Inventory:

Hand Weapons
 a - a +0 sling
 b - a +0 short sword (weapon)
Armour
 e - a +0 leather armour (worn)
 h - a +0 helmet (worn)
Scrolls
 c - a scroll of silence
 d - a scroll of identify {unknown}
Potions
 j - a potion of resistance
Miscellaneous
 f - a phial of floods (inert) (quivered)


   Skills:
 + Level 2.4 Fighting
 - Level 1.4 Short Blades
 * Level 1.6 Ranged Weapons
 - Level 1.7 Armour
 - Level 1.0 Spellcasting
 - Level 5.0 Evocations


You had 4 spell levels left.
You didn't know any spells.
Your spell library was empty.

Dungeon Overview and Level Annotations

Branches:
Dungeon (2/15)

Altars:

Annotations:
D:2 Robin


Innate Abilities, Weirdness & Mutations

Your demonic aura sometimes causes spilled blood to erupt in flames.


Message History

The goblin hits you with a +0 club. The goblin completely misses you.
You feel better.
Robin says, "My goblins will feast on your bones."
Robin roars a battlecry!
The goblins go into a battle-frenzy!
The goblin closely misses you. The goblin hits you with a +0 club.
It was a potion of resistance.
You feel protected.
A goblin comes into view. It is wielding a +0 dagger.
The goblin closely misses you. x2
It was a potion of might.
You feel very mighty all of a sudden. The goblin hits you but does no damage.
The goblin barely misses you.
b - a +0 short sword (weapon)
You miss the goblin.
The goblin is moderately wounded.
The goblin barely misses you. The goblin hits you with a +0 club.
You closely miss the goblin.
The goblin is moderately wounded.
The goblin hits you with a +0 club. The goblin closely misses you.
You barely miss the goblin.
The goblin is moderately wounded.
The goblin hits you with a +0 club.
* * * LOW HITPOINT WARNING * * *
The goblin hits you with a +0 club.
* * * LOW HITPOINT WARNING * * *
You miss the goblin.
The goblin is moderately wounded.
The goblin barely misses you. x2
You completely miss the goblin.
The goblin is moderately wounded.
The goblin barely misses you. The goblin hits you but does no damage.
You hit the goblin.
You kill the goblin!
Robin says, "A pitiful Demonspawn like you will never find the ORB!"
Robin throws the goblin at you! The goblin hits you with a +0 dagger.
* * * LOW HITPOINT WARNING * * *
The goblin barely misses you.
You miss the goblin. The goblin hits you with a +0 dagger.
You die...

.............(.....#..##...##
..###<.........#.#.........<##
..#
#..............#......)..##
..#
#.###.#.#.................#
..# #.#
#........##......w...## ..#
#.# #...#................# ..#
#.###...#..#.###..#......##
...
...........#g###..#.......#
.#.
#.##....#..#@##.>.#.##..#.#
..###.#.~#g##..##.##....[. .#
##....Sg##..##.##.##.###
#.......)......# .# .#
##..#.####..#### # ...###.##.#
#..# #..S)).)# #..# ####.####
#..# #. ...#


You could see Robin, an adder and 2 goblins.

Vanquished Creatures
  An adder (D:2)
  A dart slug (D:1)
  3 bats
  5 endoplasms
  3 giant cockroaches (D:1)
  7 goblins (D:2)
  2 hobgoblins (D:2)
  4 jackals (D:1)
  5 ball pythons
  A frilled lizard (D:1)
  A kobold (D:1)
33 creatures vanquished.

Notes
Turn   | Place    | Note
-------+----------+-------------------------------------------
     0 | D:1      | freelancePsychic the Demonspawn Wanderer began the quest
                  | for the Orb.
     0 | D:1      | freelancePsychic set off with the following items: a +0
                  | short sword, a phial of floods, a scroll of silence, a
                  | potion of lignification, a +0 leather armour.
     0 | D:1      | Reached XP level 1. HP: 15/15 MP: 2/2
   520 | D:1      | Gained mutation: Your demonic aura sometimes causes spilled
                  | blood to erupt in flames. [demonic ancestry]
   520 | D:1      | Reached XP level 2. HP: 19/21 MP: 3/3
   886 | D:1      | Reached skill level 1 in Ranged Weapons
   960 | D:2      | HP: 1/33 [poisoned by an adder]
   963 | D:2      | Reached XP level 3. HP: 2/27 MP: 4/4
  1354 | D:2      | Noticed Robin
  1386 | D:2      | Slain by a goblin

Illustrated notes

Levels and vault maps discovered:
D:1:      ebering_hopf_link, layout_loops_corners
D:2:      layout_loops_ring, basic_altar, corexii_item_surrounded_by_moat,
          amethyst_killhole, uniq_robin

Skill      XL: |  1  2 |
---------------+-------+-----
Fighting       | 2 |  2.4
Ranged Weapons | 1 |  1.6
Short Blades   | |  1.4
Armour         | |  1.7
Spellcasting   | |  1.0
Evocations     | |  5.0

Action                     || total
---------------------------++-------
  Melee: Short sword       ||    74
   Fire: Sling             ||   107
  Evoke: Phial of floods   ||     1
    Use: Potion            ||     6
         Scroll            ||     1
 Armour: Leather armour    ||   106
         Skin              ||    27
  Dodge: Dodged            ||    98

Table legend: (Time is in decaauts)
 A = Elapsed time spent in this place.
 B = Non-inter-level travel time spent in this place.
 C = Inter-level travel time spent in this place.
 D = Time resting spent in this place.
 E = Time spent auto-exploring this place.
 F = Levels seen in this place.
 G = Mean time per level.
                   A        B        C        D        E       F      G
               +--------+--------+--------+--------+--------+-----+--------+
         Total |   1417 |   1344 |     73 |    200 |    807 |   2 |  708.5 |
       Dungeon |   1417 |   1344 |     73 |    200 |    807 |   2 |  708.5 |
               +--------+--------+--------+--------+--------+-----+--------+

Top non-repeatable levels by time:
     D:1: 1168 daAuts
     D:2: 249 daAuts
